 Dungeon Crawl Stone Soup version 0.26.1-10-gdfb7c7de75 (webtiles) character file.

Game seed: 13600821774880759571

6679 jlumianski the Magician (level 11, -7/84 HPs)
             Began as a Gnoll Warper on Apr 10, 2021.
             Was a Believer of Sif Muna.
             Engulfed by a fire crab's flame (20 damage)
             ... on level 9 of the Dungeon on Apr 12, 2021.
             The game lasted 01:08:27 (11046 turns).

jlumianski the Magician (Gnoll Warper)             Turns: 11046, Time: 01:08:28

Health: -7/84      AC: 10    Str: 15    XL:     11   Next: 3%
Magic:  9/22       EV: 22    Int: 18    God:    Sif Muna [**....]
Gold:   513        SH:  0    Dex: 22    Spells: 13/25 levels left

rFire    . . .     SeeInvis .   y - +5 war axe
rCold    . . .     Faith    .   (no shield)
rNeg     . . .     Spirit   .   t - +0 troll leather armour
rPois    .         Reflect  .   N - +2 hat
rElec    .         Harm     .   A - +0 cloak
rCorr    .         Rampage  .   H - +1 pair of gloves
Will     .....     Clarity  +   (no boots)
Stlth    +++.......             R - amulet of regeneration
HPRegen  1.04/turn              m - +6 ring of dexterity
MPRegen  0.18/turn              J - +4 ring of evasion

@: very slightly contaminated
A: distributed training, fangs 1, clarity, strong 1, wild magic 1, strong nose
a: Renounce Religion, Channel Magic


You were on level 9 of the Dungeon.
You worshipped Sif Muna.
Sif Muna was pleased with you.
You visited 2 branches of the dungeon, and saw 11 of its levels.
You also visited: Sewer.

You collected 513 gold pieces.

Inventory:

Hand Weapons
 h - a +1 whip of electrocution
 u - a +2 dagger of venom
 y - a +5 war axe (weapon)
 F - a +4 hand axe of freezing
 I - a +2 flail of draining
Missiles
 e - 4 boomerangs of dispersal
 f - 116 bolts
 i - 2 throwing nets
 B - 9 boomerangs
 P - 13 poisoned darts
 W - 8 silver javelins (quivered)
Armour
 t - a +0 troll leather armour (worn)
 v - a +0 kite shield
 A - a +0 cloak (worn)
 D - the +1 ring mail of Impressiveness {rN++ Dex+4}
   (You found it on level 8 of the Dungeon)

   It affects your dexterity (+4).
   It greatly protects you from negative energy.
 G - a +0 chain mail of poison resistance
 H - a +1 pair of gloves (worn)
 N - a +2 hat (worn)
 Y - a +3 chain mail
 Z - a +0 helmet
Magical Staves
 Q - an uncursed staff of conjuration
Jewellery
 a - the cursed ring of Dithmenos's Esteem {rF- rC++ Will+ AC-4 SInv}
   (You found it on level 9 of the Dungeon)

   [ring of protection]

   It affects your AC (-4).
   It makes you vulnerable to fire.
   It greatly protects you from cold.
   It affects your willpower, your defense against some magical effects.
   It lets you see invisible.
   It has a curse placed upon it.
 m - a +6 ring of dexterity (left hand)
 J - a +4 ring of evasion (right hand)
 R - an amulet of regeneration (around neck)
 S - an uncursed ring of see invisible
Wands
 b - a wand of disintegration (16)
 r - a wand of digging (5)
 s - a wand of enslavement (12)
 U - a wand of random effects (40)
 V - a wand of acid (16)
 X - a wand of polymorph (12)
Scrolls
 d - 2 scrolls of blinking
 j - a scroll of enchant armour
 o - a scroll of immolation
 p - 6 scrolls of identify
 q - 7 scrolls of teleportation
 z - a scroll of enchant weapon
 E - 7 scrolls of remove curse
 L - 3 scrolls of fog
 M - 2 scrolls of magic mapping
Potions
 c - a potion of mutation
 g - a potion of heal wounds
 k - 2 potions of lignification
 l - a potion of resistance
 n - a potion of magic
 w - a potion of attraction
 x - a potion of ambrosia
 C - 2 potions of brilliance
 O - a potion of curing


   Skills:
 + Level 7.5 Fighting
 + Level 5.8 Short Blades
 + Level 5.8 Long Blades
 + Level 7.5 Axes
 + Level 5.8 Maces & Flails
 + Level 5.8 Polearms
 + Level 5.8 Staves
 + Level 5.8 Slings
 + Level 5.8 Bows
 + Level 5.8 Crossbows
 + Level 6.4 Throwing
 + Level 6.4 Armour
 + Level 7.5 Dodging
 + Level 5.8 Stealth
 + Level 5.8 Shields
 + Level 5.8 Unarmed Combat
 + Level 7.8 Spellcasting
 + Level 4.8 Conjurations
 + Level 4.8 Hexes
 + Level 4.8 Summonings
 + Level 4.8 Necromancy
 + Level 7.4 Translocations
 + Level 4.8 Transmutations
 + Level 4.8 Fire Magic
 + Level 4.8 Ice Magic
 + Level 4.8 Air Magic
 + Level 4.8 Earth Magic
 + Level 4.8 Poison Magic
 + Level 6.4 Invocations
 + Level 5.8 Evocations


You had 13 spell levels left.
You knew the following spells:

 Your Spells              Type           Power        Failure   Level
a - Blink                 Tloc           N/A          1%          2
b - Gell's Gravitas       Tloc           21%          3%          3
c - Teleport Other        Tloc           43%          3%          3
d - Wereblood             Tmut           31%          4%          2
e - Call Imp              Summ           31%          4%          2

Your spell library contained the following spells:

 Spells                   Type           Power        Failure   Level
 Beastly Appendage        Tmut           62%          3%          1
 Corona                   Hex            34%          3%          1
 Magic Dart               Conj           100%         3%          1
 Sandblast                Erth           62%          3%          1
 Shock                    Conj/Air       100%         3%          1
 Summon Small Mammal      Summ           100%         3%          1
 Lesser Beckoning         Tloc           21%          3%          3
 Ensorcelled Hibernation  Hex/Ice        62%          4%          2
 Passwall                 Tmut/Erth      25%          4%          2
 Searing Ray              Conj           62%          4%          2
 Swiftness                Air            31%          4%          2
 Call Canine Familiar     Summ           31%          8%          3
 Confusing Touch          Hex            31%          8%          3
 Dazzling Flash           Conj/Hex       62%          8%          3
 Spider Form              Tmut/Pois      15%          8%          3
 Static Discharge         Conj/Air       31%          8%          3
 Stone Arrow              Conj/Erth      62%          8%          3
 Summon Guardian Golem    Hex/Summ       31%          8%          3
 Tukima's Dance           Hex            31%          8%          3
 Passage of Golubria      Tloc           N/A          9%          4
 Iskenderun's Mystic Bla  Conj/Tloc      37%          14%         4
 Airstrike                Air            15%          22%         4
 Fulminant Prism          Conj/Hex       15%          22%         4
 Ice Form                 Ice/Tmut       31%          22%         4
 Petrify                  Tmut/Erth      31%          22%         4
 Summon Ice Beast         Ice/Summ       31%          22%         4
 Summon Lightning Spire   Summ/Air       31%          22%         4
 Blade Hands              Tmut           15%          50%         5
 Lee's Rapid Deconstruct  Erth           15%          50%         5
 Lightning Bolt           Conj/Air       15%          50%         5
 Metabolic Englaciation   Hex/Ice        15%          50%         5
 Yara's Violent Unravell  Hex/Tmut       15%          50%         5


Dungeon Overview and Level Annotations

Branches:
Dungeon (10/15)            Temple (1/1) D:6           Sewer (visited)
   Lair: D:8-11         Orc: D:9-12

Altars:
Cheibriados
Dithmenos
Elyvilon
Fedhas
Hepliaklqana
Kikubaaqudgha
Makhleb
Okawaru
Qazlal
Ru
Sif Muna
Trog
Wu Jian
Xom
Yredelemnul
Zin
The Shining One

Shops:
D:6 (

Annotations:
D:5 1 runed translucent door, Thatpatchoflichen's ghost, novice GrCj
D:9 1 transporter


Innate Abilities, Weirdness & Mutations

Your experience applies equally to all skills.
You have very sharp teeth.
Your uncanny sense of smell can sniff out nearby items.
You possess an exceptional clarity of mind.
Your muscles are strong. (Str +2)
Your spells are a little harder to cast, but a little more powerful.


Message History

The blast of flame engulfs the red devil.
The red devil completely resists.
The orc priest looks encouraged for a moment.
You hit the plant. You bite the plant, but do no damage.
The plant is lightly damaged.
You slash the plant!
You are engulfed in blazing flames.
The plant is engulfed in a cloud of scalding steam.
The plant is engulfed in blazing flames.
The plant begins to die.
The red devil hits you from afar with a +0 trident!
* * * LOW HITPOINT WARNING * * *
Casting: Gell's Gravitas (mildly dangerous; 3% risk of failure)
Confirm with . or Enter, or press ? or * to list all spells.
You don't know that spell.
Casting: Gell's Gravitas (mildly dangerous; 3% risk of failure)
Confirm with . or Enter, or press ? or * to list all spells.
Aiming: Gell's Gravitas (mildly dangerous; 3% risk of failure)
Press: ? - help, Dir - move target, p - orc priest Gravity reorients around empty space.
You are engulfed in blazing flames.
You die...

#.....# #...............#
#.....######...............#
#.........>................#
#.........[..............###
#........................#
#........................########
#...###############.............#
#...#8≈#...Kooo#P8#.............#
#...#P.#≈≈≈≈≈≈§#@P#.............#
#...#$(#..≈≈≈.°#°.#...######....#
#..©#©:+..≈♣≈.°'°©#©..'....#....#
....#$)#..≈≈≈.4#°.#...#....#....#
....#P.#≈≈≈≈≈≈○#.P#...#....#....#
....#8≈#....otK#P8#...#....#....#
....###############...####'#....#
................................#
................................#


You could see a fire crab, 2 kobold demonologists, 2 orc sorcerers, a red devil
(summoned) and 2 orc priests.

Vanquished Creatures
  Gastronok (D:8)
  An unseen horror (D:9)
  Maurice (D:8)
  A gargoyle (D:9)
  A troll (D:8)
  A wraith (D:9)
  Edmund (D:4)
  An orc warrior (D:7)
  A necrophage (D:9)
  An ice beast (D:6)
  An ogre (D:7)
  A sky beast (D:7)
  A phantom (D:9)
  A black bear (D:7)
  5 centaurs
  2 big kobolds (D:9)
  2 bullfrogs
  6 scorpions
  A water moccasin skeleton (D:9)
  8 killer bees
  4 wights
  2 howler monkeys (D:10)
  A crimson imp (D:4)
  A bullfrog zombie (D:6)
  A jelly (D:7)
  2 quasits
  7 hounds
  3 orc priests
  4 centaur skeletons
  9 orc wizards
  7 worker ants
  3 iguanas
  A hound zombie (D:6)
  3 worker ant zombies
  A howler monkey skeleton (D:3)
  18 adders
  5 gnolls
  A river rat (Sewer)
  A shadow imp (D:8)
  4 white imps
  An ufetubus (D:6)
  An ooze (D:4)
  An adder skeleton (D:6)
  6 worms
  2 dart slugs
  7 leopard geckos
  18 orcs
  3 ball pythons (Sewer)
  4 giant cockroaches
  4 goblins
  8 hobgoblins
  15 jackals
  4 quokkas
  6 bats
  13 frilled lizards
  A jackal skeleton (D:8)
  15 kobolds
  A leopard gecko skeleton (D:7)
  A leopard gecko zombie (D:8)
  A quokka skeleton (D:5)
  12 rats
240 creatures vanquished.

Vanquished Creatures (collateral kills)
  A wight (D:6)
1 creature vanquished.

Vanquished Creatures (others)
  A plant (D:6)
1 creature vanquished.

Grand Total: 242 creatures vanquished

Notes
Turn   | Place    | Note
-------+----------+-------------------------------------------
     0 | D:1      | jlumianski the Gnoll Warper began the quest for the Orb.
     0 | D:1      | Reached XP level 1. HP: 20/20 MP: 6/6
   154 | D:1      | HP: 1/20 [leopard gecko (4)]
   169 | D:1      | Reached XP level 2. HP: 2/26 MP: 7/7
   461 | D:1      | Learned a level 2 spell: Blink
   617 | D:1      | Reached XP level 3. HP: 31/31 MP: 9/9
   626 | D:1      | Learned a level 3 spell: Gell's Gravitas
   630 | D:1      | Learned a level 3 spell: Teleport Other
   676 | D:1      | Reached skill level 5 in Spellcasting
  1205 | D:1      | Reached skill level 1 in Invocations
  1381 | D:3      | Reached skill level 1 in Short Blades
  1381 | D:3      | Reached skill level 1 in Long Blades
  1381 | D:3      | Reached skill level 1 in Maces & Flails
  1381 | D:3      | Reached skill level 1 in Polearms
  1381 | D:3      | Reached skill level 1 in Staves
  1381 | D:3      | Reached skill level 1 in Slings
  1381 | D:3      | Reached skill level 1 in Bows
  1381 | D:3      | Reached skill level 1 in Crossbows
  1381 | D:3      | Reached skill level 1 in Stealth
  1381 | D:3      | Reached skill level 1 in Shields
  1381 | D:3      | Reached skill level 1 in Unarmed Combat
  1381 | D:3      | Reached skill level 1 in Evocations
  1381 | D:3      | Reached XP level 4. HP: 38/38 MP: 11/11
  1564 | D:2      | Found a burning altar of Makhleb.
  1579 | D:2      | Reached skill level 1 in Conjurations
  1579 | D:2      | Reached skill level 1 in Hexes
  1579 | D:2      | Reached skill level 1 in Summonings
  1579 | D:2      | Reached skill level 1 in Necromancy
  1579 | D:2      | Reached skill level 1 in Transmutations
  1579 | D:2      | Reached skill level 1 in Fire Magic
  1579 | D:2      | Reached skill level 1 in Ice Magic
  1579 | D:2      | Reached skill level 1 in Air Magic
  1579 | D:2      | Reached skill level 1 in Earth Magic
  1579 | D:2      | Reached skill level 1 in Poison Magic
  2000 | D:3      | Found a glowing golden altar of the Shining One.
  2001 | D:3      | Found an ancient bone altar of Kikubaaqudgha.
  2008 | D:3      | Found a shadowy altar of Dithmenos.
  2068 | D:2      | Reached XP level 5. HP: 34/43 MP: 12/12
  2811 | D:4      | Reached XP level 6. HP: 36/50 MP: 8/14
  3117 | D:4      | Reached skill level 5 in Fighting
  3117 | D:4      | Reached skill level 5 in Axes
  3117 | D:4      | Reached skill level 5 in Dodging
  3626 | D:3      | Found an iron altar of Okawaru.
  3699 | D:3      | Learned a level 2 spell: Wereblood
  3975 | D:3      | Reached XP level 7. HP: 56/56 MP: 12/15
  4489 | D:4      | Noticed Edmund
  4502 | D:4      | Killed Edmund
  4508 | D:5      | Entered Level 5 of the Dungeon
  4511 | D:5      | Noticed Thatpatchoflichen's ghost (novice GrCj)
  4609 | D:5      | Found a glowing drain.
  4623 | Sewer    | Entered a sewer
  4686 | Sewer    | Learned a level 2 spell: Call Imp
  5182 | D:5      | Found a runed translucent door.
  5764 | D:5      | Reached XP level 8. HP: 61/63 MP: 16/16
  6491 | D:6      | Found Vyirywn's Weapon Shop.
  6812 | D:6      | Found a staircase to the Ecumenical Temple.
  6822 | Temple   | Entered the Ecumenical Temple
  6974 | Temple   | Became a worshipper of Sif Muna the Loreminder
  7071 | D:6      | Found a stormy altar of Qazlal.
  7071 | D:6      | Found a basalt altar of Yredelemnul.
  7071 | D:6      | Found a bloodstained altar of Trog.
  7438 | D:7      | Reached XP level 9. HP: 27/68 MP: 3/18
  7458 | D:6      | Reached * piety under Sif Muna
  7720 | D:7      | Reached skill level 5 in Throwing
  7720 | D:7      | Reached skill level 5 in Armour
  8447 | D:9      | Noticed a gargoyle
  8448 | D:9      | Killed a gargoyle
  8449 | D:9      | Reached skill level 5 in Invocations
  8477 | D:9      | Noticed a troll
  8570 | D:8      | Killed a troll
  8685 | D:8      | Gained mutation: You possess an exceptional clarity of
                  | mind. [potion of mutation]
  8685 | D:8      | Gained mutation: Your muscles are strong. (Str +2) [potion
                  | of mutation]
  8685 | D:8      | Gained mutation: Your spells are a little harder to cast,
                  | but a little more powerful. [potion of mutation]
  8716 | D:8      | Reached ** piety under Sif Muna
  8781 | D:8      | Found a stormy altar of Qazlal.
  8923 | D:8      | Reached XP level 10. HP: 70/77 MP: 18/20
  8925 | D:8      | Got a bronze ring mail
  8926 | D:8      | Identified the +1 ring mail of Impressiveness {rN++ Dex+4}
                  | (You found it on level 8 of the Dungeon)
  9269 | D:8      | Noticed Maurice
  9285 | D:8      | Killed Maurice
  9286 | D:8      | Reached skill level 5 in Short Blades
  9286 | D:8      | Reached skill level 5 in Long Blades
  9286 | D:8      | Reached skill level 5 in Maces & Flails
  9286 | D:8      | Reached skill level 5 in Polearms
  9286 | D:8      | Reached skill level 5 in Staves
  9286 | D:8      | Reached skill level 5 in Slings
  9286 | D:8      | Reached skill level 5 in Bows
  9286 | D:8      | Reached skill level 5 in Crossbows
  9286 | D:8      | Reached skill level 5 in Stealth
  9286 | D:8      | Reached skill level 5 in Shields
  9286 | D:8      | Reached skill level 5 in Unarmed Combat
  9286 | D:8      | Reached skill level 5 in Evocations
  9718 | D:9      | Noticed Gastronok
  9843 | D:9      | Found a transporter.
  9848 | D:9      | Noticed a kobold demonologist
  9849 | D:9      | Noticed a fire crab
  9853 | D:9      | Noticed an orc sorcerer
  9866 | D:9      | Noticed an orc sorcerer
  9874 | D:9      | Found a transporter.
  9886 | D:9      | Noticed an unseen horror
  9897 | D:9      | Killed an unseen horror
  9900 | D:9      | Noticed a kobold demonologist
 10117 | D:8      | Killed Gastronok
 10352 | D:9      | Got a wavering ivory ring
 10353 | D:9      | Identified the cursed ring of Dithmenos's Esteem {rF- rC++
                  | Will+ AC-4 SInv} (You found it on level 9 of the Dungeon)
 10410 | D:9      | Found a glowing silver altar of Zin.
 10609 | D:10     | Entered Level 10 of the Dungeon
 10726 | D:9      | Reached XP level 11. HP: 84/84 MP: 16/22
 11046 | D:9      | Engulfed by a fire crab's flame

Illustrated notes

Levels and vault maps discovered:
D:1:      dpeg_arrival_tiny_h, layout_loops_ring, minmay_misc_feat_tower
D:2:      layout_loops_ring, makhleb_heckhound_becter
D:3:      layout_basic, overflow_temple_1_default, minitemple,
          grunt_decor_junction
D:4:      layout_gridville, minmay_fire_ice_demons, uniq_edmund
D:5:      layout_rooms, hellmonk_ghost_happy_afterlife, portal_sewer_entry_d
D:6:      layout_rooms, gammafunk_temple_overflow_forgotten, temple_hall,
          serial_shops, shop
D:7:      layout_cave_pools, minmay_fountain_box, minmay_misc_feat_chi,
          hangedman_minor_gate_pass
D:8:      kennysheep_blocky_hall, layout_basic, minmay_misc_feat_enclosed,
          nicolae_qazlal_general_emergency, uniq_maurice
D:9:      gammafunk_wand_slinger, layout_irregular_city, zin_scriptorium,
          uniq_gastronok
D:10:     layout_layer_cave, lair_entry_dummy, minmay_bent
Temple:   minmay_temple_curvy_branch

Skill      XL: |  1  2  3  4  5  6  7  8  9 10 |
---------------+-------------------------------+-----
Spellcasting   | 5 6 7 |  7.8
Invocations    | 1 2 3 4 5 6 |  6.4
Short Blades   | 1 2 3 4 5 |  5.8
Long Blades    | 1 2 3 4 5 |  5.8
Maces & Flails | 1 2 3 4 5 |  5.8
Polearms       | 1 2 3 4 5 |  5.8
Staves         | 1 2 3 4 5 |  5.8
Slings         | 1 2 3 4 5 |  5.8
Bows           | 1 2 3 4 5 |  5.8
Crossbows      | 1 2 3 4 5 |  5.8
Stealth        | 1 2 3 4 5 |  5.8
Shields        | 1 2 3 4 5 |  5.8
Unarmed Combat | 1 2 3 4 5 |  5.8
Evocations     | 1 2 3 4 5 |  5.8
Conjurations   | 1 2 3 4 |  4.8
Hexes          | 1 2 3 4 |  4.8
Summonings     | 1 2 3 4 |  4.8
Necromancy     | 1 2 3 4 |  4.8
Transmutations | 1 2 3 4 |  4.8
Fire Magic     | 1 2 3 4 |  4.8
Ice Magic      | 1 2 3 4 |  4.8
Air Magic      | 1 2 3 4 |  4.8
Earth Magic    | 1 2 3 4 |  4.8
Poison Magic   | 1 2 3 4 |  4.8
Throwing       | 3 4 5 6 |  6.4
Armour         | 3 4 5 6 |  6.4
Fighting       | 5 6 7 |  7.5
Axes           | 5 6 7 |  7.5
Dodging        | 5 6 7 |  7.5
Translocations | 6 7 |  7.4

Action                   |  1- 3 |  4- 6 |  7- 9 | 10-12 || total
-------------------------+-------+-------+-------+-------++-------
Melee: Hand axe          |    82 |   103 |   275 |   148 ||   608
       Bite              |     9 |    29 |    43 |    29 ||   110
       Punch             |     3 |     1 |     7 |    11 ||    22
       Dagger            |       |   112 |    79 |     8 ||   199
       Flail             |       |       |     4 |       ||     4
       War axe           |       |       |       |    24 ||    24
Throw: Boomerang         |     1 |       |     9 |     3 ||    13
       Stone             |     8 |    15 |     1 |       ||    24
       Dart              |       |       |     4 |     7 ||    11
       Javelin           |       |       |       |    12 ||    12
 Cast: Gell's Gravitas   |     2 |    10 |    18 |     9 ||    39
       Blink             |       |     3 |     4 |     3 ||    10
       Wereblood         |       |       |     8 |     3 ||    11
       Call Imp          |       |       |     5 |     6 ||    11
Evoke: Wand              |       |       |     1 |     5 ||     6
  Use: Scroll            |     2 |       |     9 |     9 ||    20
       Potion            |     1 |     1 |     7 |     7 ||    16
 Stab: Sleeping          |       |     6 |    16 |     6 ||    28
       Distracted        |       |       |     1 |       ||     1
Armor: Leather armour    |    17 |    37 |    79 |       ||   133
       Troll leather arm |       |       |    16 |    36 ||    52
Dodge: Dodged            |    75 |   134 |   331 |   172 ||   712
